 Dungeon Crawl Stone Soup version 0.29-a0-334-gb41bcbb86e (webtiles) character file.

Game seed: 10818608274078074257

1434 Jortsu the Cleaver (level 8, -16/70 HPs)
             Began as a Hill Orc Fighter on Apr 14, 2022.
             Killed from afar by Maggie (20 damage)
             ... with a bolt of fire
             ... on level 7 of the Dungeon.
             The game lasted 00:08:08 (5601 turns).

Jortsu the Cleaver (Hill Orc Fighter)               Turns: 5601, Time: 00:08:08

Health: -16/70     AC: 11    Str: 23    XL:     8   Next: 73%
Magic:  8/8        EV:  8    Int:  8    God:
Gold:   226        SH:  6    Dex: 10    Spells: 7/7 levels left

rFire   . . .      SeeInvis .   u - +1 broad axe
rCold   . . .      Faith    .   c - +1 buckler
rNeg    . . .      Spirit   .   k - +0 chain mail
rPois   .          Reflect  .   (helmet restricted)
rElec   .          Harm     .   j - +0 cloak
rCorr   .          Rampage  .   (no gloves)
Will    .....      Clarity  +   (no boots)
Stlth   ..........              (no amulet)
HPRegen 0.21/turn               (no ring)
MPRegen 0.11/turn               (no ring)

@: no status effects
A: horns 1, clarity, strong 1
a: no special abilities


You were on level 7 of the Dungeon.
You visited 1 branch of the dungeon, and saw 7 of its levels.

You collected 326 gold pieces.
You spent 100 gold pieces at shops.

Inventory:

Hand Weapons
 u - a +1 broad axe (weapon)
Missiles
 A - a throwing net (quivered)
Armour
 b - a +0 scale mail
 c - a +1 buckler (worn)
 j - a +0 cloak (worn)
 k - a +0 chain mail (worn)
 n - a +0 helmet
Wands
 a - a wand of polymorph (6)
 p - a wand of charming (8)
 B - a wand of flame (24)
Scrolls
 f - 4 scrolls of amnesia
 g - a scroll of fear
 q - 4 scrolls of teleportation
 s - a scroll of enchant weapon
 t - a scroll of vulnerability
 v - a scroll of noise
 x - a scroll of fog
 y - a scroll of magic mapping
Potions
 d - a potion of might
 e - 3 potions of lignification
 h - a potion of mutation
 i - 7 potions of curing
 l - 4 potions of haste
 m - 2 potions of resistance {unknown}
 o - a potion of magic {unknown}
 r - 2 potions of flight
 w - 4 potions of heal wounds
 z - a potion of attraction {unknown}
 C - a potion of brilliance {unknown}


   Skills:
 + Level 6.0 Fighting
 + Level 9.1 Axes
 + Level 6.5 Armour
 + Level 2.3 Dodging
 + Level 0.5 Stealth
 + Level 5.0 Shields


You had 7 spell levels left.
You didn't know any spells.
Your spell library was empty.

Dungeon Overview and Level Annotations

Branches:
Dungeon (7/15)
 Temple: D:4-7

Altars:
Fedhas
Makhleb

Shops:
D:4 !

Portals:
Abyss: D:5

Annotations:
D:5 2 transporters, Olga's ghost, amateur MfGl
D:7 Maggie


Innate Abilities, Weirdness & Mutations

You have a pair of small horns on your head.
You possess an exceptional clarity of mind.
Your muscles are strong. (Str +2)


Message History

Maggie is moderately wounded.
Maggie barely misses you.
You barely miss Maggie. You headbutt Maggie, but do no damage.
Maggie is moderately wounded.
Maggie hits you with a +1 war axe of flaming!
Maggie burns you.
You slash Maggie!
Maggie is heavily wounded.
Maggie casts a spell.
Maggie attempts to bespell you!
You are unaffected.
You hit Maggie.
Maggie is heavily wounded.
Maggie hits you with a +1 war axe of flaming!
Maggie burns you.
You barely miss Maggie. You headbutt Maggie.
Maggie is heavily wounded.
Maggie hits you with a +1 war axe of flaming.
Maggie burns you. You block Maggie's attack.
You barely miss Maggie. Your headbutt misses Maggie.
Maggie is heavily wounded.
Maggie hits you with a +1 war axe of flaming!
* * * LOW HITPOINT WARNING * * *
Maggie burns you.
* * * LOW HITPOINT WARNING * * *
You hit Maggie but do no damage. Your headbutt misses Maggie.
Maggie is heavily wounded.
Maggie hits you with a +1 war axe of flaming!
* * * LOW HITPOINT WARNING * * *
Maggie burns you.
* * * LOW HITPOINT WARNING * * *
You barely miss Maggie. You headbutt Maggie.
Maggie is heavily wounded.
Maggie gestures at you while chanting. The bolt of fire hits you.
* * * LOW HITPOINT WARNING * * *
You slash Maggie!
Maggie is severely wounded.
Maggie casts a spell at you. The bolt of fire hits you!!
You die...

####### #......
#.########...#
.......<.....####
..#####.........##
#.....@@...#
#..........#
####.....#....
#....?.....
#....#### # ####.#
+#


You could see Maggie.

Vanquished Creatures
  Pikel (D:6)
  Sigmund (D:6)
  A water moccasin (D:6)
  A black bear (D:4)
  3 lemures (D:6)
  A bullfrog (D:6)
  2 scorpions
  2 howler monkeys (D:6)
  A jelly (D:6)
  Crazy Yiuf (D:6)
  3 hounds
  An orc wizard (D:6)
  Natasha (thrice) (D:3)
  An iguana (D:5)
  Robin (D:2)
  2 adders
  An ufetubus (D:6)
  A worm (D:4)
  A dart slug (D:5)
  5 orcs
  8 ball pythons
  5 bats
  6 endoplasms
  2 giant cockroaches
  12 goblins
  9 hobgoblins
  3 jackals (D:5)
  6 kobolds
  4 quokkas
  3 frilled lizards
  6 rats
  4 toadstools (D:1)
101 creatures vanquished.

Notes
Turn   | Place    | Note
-------+----------+-------------------------------------------
     0 | D:1      | Jortsu the Hill Orc Fighter began the quest for the Orb.
     0 | D:1      | Reached XP level 1. HP: 19/19 MP: 1/1
   233 | D:1      | Reached XP level 2. HP: 27/27 MP: 2/2
   311 | D:1      | Reached skill level 3 in Axes
   457 | D:1      | Found a faded altar of an unknown god.
   555 | D:1      | Reached XP level 3. HP: 27/33 MP: 3/3
  1026 | D:2      | Noticed Robin
  1032 | D:2      | Killed Robin
  1189 | D:2      | Reached XP level 4. HP: 40/40 MP: 4/4
  1238 | D:2      | Reached skill level 4 in Axes
  1766 | D:3      | Noticed Natasha
  1776 | D:3      | Killed Natasha
  1917 | D:3      | Noticed Natasha
  1924 | D:3      | Killed Natasha
  1925 | D:3      | Reached XP level 5. HP: 38/47 MP: 5/5
  2181 | D:3      | Noticed Natasha
  2190 | D:3      | Killed Natasha
  2815 | D:4      | Noticed a black bear
  2827 | D:4      | Killed a black bear
  2828 | D:4      | Reached skill level 5 in Axes
  2828 | D:4      | Reached XP level 6. HP: 31/55 MP: 6/6
  3006 | D:4      | Found a blossoming altar of Fedhas.
  3072 | D:4      | Found Dihasape's Distillery.
  3081 | D:4      | Bought a potion of heal wounds for 50 gold pieces
  3081 | D:4      | Bought a potion of heal wounds for 50 gold pieces
  3510 | D:4      | Gained mutation: Your muscles are strong. (Str +2) [potion
                  | of mutation]
  3510 | D:4      | Gained mutation: You possess an exceptional clarity of
                  | mind. [potion of mutation]
  3510 | D:4      | Gained mutation: You have a pair of small horns on your
                  | head. [potion of mutation]
  3552 | D:5      | Entered Level 5 of the Dungeon
  3558 | D:5      | Reached skill level 5 in Fighting
  3558 | D:5      | Reached skill level 5 in Armour
  3692 | D:5      | Found a transporter.
  3692 | D:5      | Noticed an ancient zyme
  3695 | D:5      | Noticed Olga's ghost (amateur MfGl)
  3705 | D:5      | Found a transporter.
  3806 | D:5      | Found a burning altar of Makhleb.
  3847 | D:5      | Reached skill level 6 in Axes
  4115 | D:5      | Found a one-way gate to the infinite horrors of the Abyss.
  4182 | D:6      | Reached XP level 7. HP: 61/61 MP: 7/7
  4202 | D:6      | Reached skill level 1 in Dodging
  4417 | D:6      | Reached skill level 7 in Axes
  4471 | D:6      | Noticed Pikel
  4661 | D:6      | Noticed Sigmund
  4681 | D:6      | Killed Sigmund
  4682 | D:6      | Reached XP level 8. HP: 13/69 MP: 8/8
  5035 | D:6      | Killed Pikel
  5036 | D:6      | Reached skill level 9 in Axes
  5036 | D:6      | Reached skill level 5 in Shields
  5441 | D:6      | Found a runed translucent door.
  5442 | D:6      | Noticed Crazy Yiuf
  5447 | D:6      | Killed Crazy Yiuf
  5586 | D:7      | Noticed Maggie
  5601 | D:7      | Killed from afar by Maggie

Illustrated notes

Levels and vault maps discovered:
D:1:      ldierk_water_garden, layout_loops_ring, basic_ecumenical_altar
D:2:      layout_rooms, uniq_robin
D:3:      layout_loops_ring, grunt_ministairs_14, uniq_natasha
D:4:      nicolae_cairo_tiling_large_dashed, layout_loops_corners,
          mainiacjoe_overflow_concentric_impassable, serial_shops, shop,
          hangedman_decor_growths
D:5:      layout_rooms, mainiacjoe_overflow_paths,
          gammafunk_ghost_abyssal_escape
D:6:      layout_loops_ring, uniq_sigmund, uniq_pikel, uniq_crazy_yiuf_cottage
D:7:      layout_loops_corners, lemuel_temple_firewalk_a, nicolae_water_bricks,
          uniq_maggie, uniq_joseph

Skill      XL: |  1  2  3  4  5  6  7  8 |
---------------+-------------------------+-----
Axes           | 3 4 5 6 7 9 |  9.1
Fighting       | 4 5 6 |  6.0
Armour         | 4 5 6 |  6.5
Shields        | 4 5 |  5.0
Dodging        | 2 |  2.3
Stealth        | |  0.5

Action                   |  1- 3 |  4- 6 |  7- 9 || total
-------------------------+-------+-------+-------++-------
Melee: War axe           |    69 |    36 |       ||   105
       Broad axe         |       |   118 |   100 ||   218
       Headbutt          |       |     5 |    23 ||    28
  Use: Scroll            |     4 |    11 |     2 ||    17
       Potion            |       |     1 |     1 ||     2
Armor: Scale mail        |    19 |       |       ||    19
       Chain mail        |    31 |   116 |    35 ||   182
Dodge: Dodged            |    36 |    70 |    29 ||   135
Block: Buckler           |    18 |    57 |    27 ||   102

Table legend: (Time is in decaauts)
 A = Elapsed time spent in this place.
 B = Non-inter-level travel time spent in this place.
 C = Inter-level travel time spent in this place.
 D = Time resting spent in this place.
 E = Time spent auto-exploring this place.
 F = Levels seen in this place.
 G = Mean time per level.
                   A        B        C        D        E       F      G
               +--------+--------+--------+--------+--------+-----+--------+
         Total |   5750 |   5624 |    126 |   1084 |   3465 |   7 |  821.4 |
       Dungeon |   5750 |   5624 |    126 |   1084 |   3465 |   7 |  821.4 |
               +--------+--------+--------+--------+--------+-----+--------+

Top non-repeatable levels by time:
     D:6: 1445 daAuts
     D:3: 1085 daAuts
     D:1: 1002 daAuts
     D:4: 973 daAuts
     D:5: 617 daAuts
     D:2: 601 daAuts
     D:7: 25 daAuts
